Match 45099002
Unlisted

Match 45099002
End
Engineer Squad
Construct Barracks
1⁄4-ton 4x4 Truck
1⁄4-ton 4x4 Truck
Selects Airborne Battlegroup
Selects Heavy Machine Gun Paradrop
Heavy Machine Gun Paradrop
Selects Paratrooper Squad Paradrop
Paratrooper Squad Paradrop
Mechanized Support Center
Heavy Machine Gun Paradrop
Construct Motor Pool
M24 Chaffee Light Tank
Paratrooper Squad Paradrop
Construct Medical Station
Selects Recon Loiter
Selects Supply Drop
M1 Anti-tank Gun Team
Designate Forward Repair Station
M1 Mortar Team
Construct Tank Depot
Recon Loiter
Supply Drop
M4A1 Sherman Medium Tank
M1 Anti-tank Gun Team
Selects Carpet Bombing Run
Paratrooper Squad Paradrop
M4A1 Sherman Medium Tank
M4A1 76mm Conversion
Recon Loiter
Carpet Bombing Run
M18 Hellcat Tank Destroyer
Recon Loiter
Carpet Bombing Run
Supply Drop
Esxile
CPU - EASY
pagep
7k this year for sure
0
0

Comments sign in to comment!

No comments posted yet!